 Dungeon Crawl Stone Soup version 0.18.1-47-g9310371 (webtiles) character file.

1963 matakusis the Scholar of Death (level 9, -2/59 HPs)
             Began as a Demonspawn Necromancer on June 14, 2016.
             Was a Follower of Kikubaaqudgha.
             Slain by a wyvern zombie (15 damage)
             ... on level 6 of the Dungeon.
             The game lasted 00:46:03 (7280 turns).

matakusis the Scholar of Death (DsNe)               Turns: 7280, Time: 00:46:03

Health: -2/59      AC:  6    Str: 10    XL:     9   Next: 0%
Magic:  20/20      EV: 15    Int: 19    God:    Kikubaaqudgha [*.....]
Gold:   370        SH:  0    Dex: 13    Spells: 5 memorised, 15 levels left

rFire  . . .     SeeInvis .     p - +0 short sword (drain)
rCold  + + +     Gourm    .     a - +0 robe
rNeg   . . .     Faith    +     (no shield)
rPois  .         Spirit   .     s - +1 helmet
rElec  .         Dismiss  .     (no cloak)
rCorr  .         Reflect  .     (no gloves)
SustAt .         Harm     .     (no boots)
MR     .....                    o - amulet of faith
Stlth  ++........               B - ring of protection from cold
                                q - +2 ring of evasion

@: drained, not resistant to hostile enchantments, unstealthy
A: claws 2, slimy green scales 1, cold resistance 2, demonic guardian 1, low mp
1, screaming 1
a: Receive Corpses, Renounce Religion


You were on level 6 of the Dungeon.
You worshipped Kikubaaqudgha.
Kikubaaqudgha was aware of your devotion.
You were hungry.

You visited 2 branches of the dungeon, and saw 7 of its levels.

You collected 370 gold pieces.

Inventory:

Hand Weapons
 p - a +0 short sword of draining (weapon)
Armour
 a - a +0 robe (worn)
 s - a +1 helmet (worn)
Jewellery
 g - an uncursed amulet of guardian spirit
 l - an uncursed ring of ice
 o - an amulet of faith (around neck)
 q - a +2 ring of evasion (left claw)
 B - a ring of protection from cold (right claw)
Wands
 h - a wand of iceblast (9/15)
 i - a wand of heal wounds (3/9)
 t - a wand of random effects (45/48)
 C - a wand of hasting (4/9)
Scrolls
 d - a scroll of identify
 f - a scroll of blinking
 m - 2 scrolls of enchant armour
 r - 2 scrolls of recharging
 u - 4 scrolls of remove curse
 v - a scroll of fog
 z - a scroll of teleportation
 A - a scroll of immolation {unknown}
Potions
 e - 2 potions of lignification
 k - a potion of magic
 w - 2 potions of curing
Books
 b - a book of Necromancy

   Spells                             Type                      Level
   a - Pain                           Necromancy                   1
   b - Animate Skeleton               Necromancy                   1
   c - Vampiric Draining              Necromancy                   3
   d - Regeneration                   Charms/Necromancy            3
   e - Animate Dead                   Necromancy                   4
   f - Control Undead                 Necromancy                   4
 x - a book of Alchemy

   Spells                             Type                      Level
   a - Sublimation of Blood           Necromancy                   2
   b - Ignite Poison                  Fire/Transmutation/Poison    3
   c - Petrify                        Transmutation/Earth          4
   d - Alistair's Intoxication        Transmutation/Poison         5
   e - Irradiate                      Conjuration/Transmutation    5
 y - Kikubaaqudgha's Reference Book on Evil Arts
   (Kikubaaqudgha gifted it to you on level 5 of the Dungeon)

   Spells                             Type                      Level
   a - Animate Skeleton               Necromancy                   1
   b - Corpse Rot                     Necromancy                   2
   c - Sublimation of Blood           Necromancy                   2
   d - Regeneration                   Charms/Necromancy            3
   e - Control Undead                 Necromancy                   4
Comestibles
 c - 6 bread rations
 j - 3 meat rations
 n - 2 slices of pizza


   Skills:
 - Level 1.0(0.8) Fighting
 - Level 0.3(0.2) Short Blades
 + Level 3.1(3.0) Dodging
 - Level 1.7(1.6) Stealth
 - Level 0.1(0.0) Unarmed Combat
 + Level 9.5(9.4) Spellcasting
 + Level 11.8(11.7) Necromancy


You had 15 spell levels left.
You knew the following spells:

 Your Spells              Type           Power        Failure   Level  Hunger
a - Pain                  Necr           ####         1%          1    None
b - Animate Skeleton      Necr           N/A          1%          1    None
c - Animate Dead          Necr           N/A          1%          4    ###....
d - Control Undead        Necr           ######....   1%          4    ###....
e - Sublimation of Blood  Necr           ######....   1%          2    None


Dungeon Overview and Level Annotations

Branches:
Dungeon (6/15)             Temple (1/1) D:4

Altars:
Ashenzari
Cheibriados
Fedhas
Kikubaaqudgha
Makhleb
Nemelex Xobeh
Okawaru
Pakellas
Ru
Sif Muna
Trog
Vehumet
Xom
Zin
The Shining One

Annotations:
D:5 PeterLawrence's ghost, novice OgFi


Innate Abilities, Weirdness & Mutations

You have very sharp fingernails.
You are partially covered in slimy green scales (AC +2).
Your flesh is very cold resistant.
A weak demonic guardian rushes to your aid.
Your magical capacity is low (-10% MP).
You occasionally shout uncontrollably at your foes.


Message History

You hit the wyvern zombie. The wyvern zombie bites you.
You hit the wyvern zombie.
The wyvern zombie bites you but does no damage.
The wyvern zombie barely misses you.
You hit the wyvern zombie. The wyvern zombie misses you.
You hit the wyvern zombie.
The wyvern zombie bites you but does no damage.
You barely miss the wyvern zombie. The wyvern zombie misses you.
The wyvern zombie barely misses you.
You hit the wyvern zombie but do no damage.
The wyvern zombie closely misses you.
You hit the wyvern zombie but do no damage.
The wyvern zombie bites you! The wyvern zombie barely misses you.
You hit the wyvern zombie but do no damage.
The wyvern zombie closely misses you.
You hit the wyvern zombie. The wyvern zombie bites you!
* * * LOW HITPOINT WARNING * * *
The wyvern zombie bites you!
You die...
Kikubaaqudgha rasps: "You have failed me!
Welcome... death!"

#...#.........#...
#...#.........#...
#...#.........##..
#..##..##.....##..
#..##..##.....##..
#...#.............
#...#.............
#.Z.#.........##..
#@)##.........##..
#..##..#########..
#......##.....##..
#.................
#####.............
#..##.............
#...#.)##'######..
#...#).##.....##..
#...#.........#...


You could see a wyvern zombie.

Vanquished Creatures
  An ice beast (D:5)
  2 sky beasts (D:5)
  2 phantoms
  An ogre (D:4)
  A scorpion (D:5)
  A howler monkey (D:6)
  A giant frog zombie (D:5)
  2 orc wizards
  A centaur skeleton (D:4)
  4 orc priests
  2 hounds
  2 iguanas
  Ijyb (D:2)
  2 worker ants
  2 hound skeletons
  4 adders
  A howler monkey skeleton (D:4)
  An ooze (D:5)
  4 worms
  5 dart slugs
  5 giant geckos
  15 orcs
  A giant cockroach (D:1)
  7 goblins
  6 hobgoblins
  18 jackals
  11 kobolds
  2 quokkas
  5 bats
  2 giant newts (D:1)
  8 rats
120 creatures vanquished.

Vanquished Creatures (collateral kills)
  The ghost of PeterLawrence the Cudgeler, an amateur OgFi (D:3)
  The ghost of Zleub the Skirmisher, an amateur HuFi (D:4)
  Sigmund (D:4)
  2 ogres
  A centaur (D:4)
  Jessica (D:2)
  A hound zombie (D:6)
  A shadow imp (D:5)
  A worm (D:5)
  A giant gecko (D:5)
  2 orcs
  A ball python skeleton (D:4)
  A rat (D:2)
15 creatures vanquished.

Grand Total: 135 creatures vanquished

Notes
Turn   | Place    | Note
--------------------------------------------------------------
     0 | D:1      | matakusis the Demonspawn Necromancer began the quest for the Orb.
     0 | D:1      | Reached XP level 1. HP: 13/13 MP: 3/3
     2 | D:1      | Learned a level 1 spell: Animate Skeleton
    73 | D:1      | Found a shattered altar of Ashenzari.
   130 | D:1      | Gained mutation: A weak demonic guardian rushes to your aid. [demonic ancestry]
   130 | D:1      | Reached XP level 2. HP: 14/19 MP: 3/5
   407 | D:1      | Reached skill level 5 in Necromancy
   822 | D:1      | Gained mutation: You are partially covered in slimy green scales (AC +2). [demonic ancestry]
   822 | D:1      | Reached XP level 3. HP: 19/24 MP: 2/6
  1294 | D:2      | Found a snail-covered altar of Cheibriados.
  1403 | D:2      | Noticed Ijyb
  1412 | D:2      | Killed Ijyb
  1412 | D:2      | Gained mutation: Your flesh is cold resistant. [demonic ancestry]
  1412 | D:2      | Reached XP level 4. HP: 21/30 MP: 0/8
  1436 | D:2      | Found a burning altar of Makhleb.
  1630 | D:2      | Learned a level 4 spell: Animate Dead
  1947 | D:2      | Noticed Jessica
  1956 | D:2      | Killed Jessica
  1956 | D:2      | Reached XP level 5. HP: 34/35 MP: 6/10
  2099 | D:2      | Noticed a moth of wrath
  2102 | D:2      | Found a bloodstained altar of Trog.
  2379 | D:2      | Gained mutation: You have sharp fingernails. [potion of beneficial mutation]
  2381 | D:2      | Reached skill level 10 in Necromancy
  2381 | D:2      | Gained mutation: You have very sharp fingernails. [demonic ancestry]
  2381 | D:2      | Reached XP level 6. HP: 41/41 MP: 10/17
  2769 | D:3      | Noticed PeterLawrence's ghost (amateur OgFi)
  3051 | D:3      | Killed PeterLawrence's ghost
  3051 | D:3      | Reached skill level 11 in Necromancy
  3339 | D:4      | Found a staircase to the Ecumenical Temple.
  3346 | Temple   | Entered the Ecumenical Temple
  3590 | Temple   | Became a worshipper of Kikubaaqudgha
  3761 | D:4      | Reached XP level 7. HP: 32/46 MP: 14/19
  3904 | D:4      | Found a radiant altar of Vehumet.
  3917 | D:4      | Noticed Zleub's ghost (amateur HuFi)
  3958 | D:4      | Killed Zleub's ghost
  3977 | D:4      | Noticed Sigmund
  4275 | D:4      | Killed Sigmund
  4569 | D:4      | Reached XP level 8. HP: 17/52 MP: 4/21
  5114 | D:4      | Learned a level 4 spell: Control Undead
  5152 | D:5      | Entered Level 5 of the Dungeon
  5804 | D:5      | Noticed PeterLawrence's ghost (novice OgFi)
  6153 | D:5      | Reached * piety under Kikubaaqudgha
  6153 | D:5      | Received a gift from Kikubaaqudgha
  6157 | D:5      | Identified Kikubaaqudgha's Reference Book on Evil Arts (Kikubaaqudgha gifted it to you on level 5 of the Dungeon)
  6162 | D:5      | Learned a level 2 spell: Sublimation of Blood
  6245 | D:5      | Reached skill level 1 in Fighting
  6297 | D:5      | Gained mutation: Your magical capacity is low (-10% MP). [mutagenic meat]
  6298 | D:5      | Gained mutation: You occasionally shout uncontrollably at your foes. [mutagenic meat]
  6299 | D:5      | Gained mutation: Your flesh is very cold resistant. [mutagenic meat]
  6312 | D:5      | Found an oddly glowing altar of Pakellas.
  6538 | D:6      | Found a glowing silver altar of Zin.
  7231 | D:6      | Reached XP level 9. HP: 59/59 MP: 20/20
  7280 | D:6      | Slain by a wyvern zombie

Skill      XL: |  1  2  3  4  5  6  7  8 |
---------------+-------------------------+-----
Necromancy     | 5 10 11 | 11.8
Dodging        | 2 3 |  3.1
Spellcasting   | 3 8 9 |  9.5
Fighting       | 1 |  1.0
Short Blades   | |  0.3
Stealth        | |  1.7
Unarmed Combat | |  0.1

Action                   |  1- 3 |  4- 6 |  7- 9 || total
-------------------------+-------+-------+-------++-------
Melee: Unarmed           |    23 |       |     5 ||    28
       Short sword       |     2 |    29 |   168 ||   199
 Cast: Pain              |    57 |    65 |   151 ||   273
       Animate Skeleton  |     2 |     4 |     2 ||     8
       Animate Dead      |       |     7 |    12 ||    19
       Control Undead    |       |       |     1 ||     1
  Use: Scroll            |     1 |     5 |     4 ||    10
       Potion            |       |    13 |     1 ||    14
 Stab: Sleeping          |     1 |     1 |     1 ||     3
  Eat: Chunk             |     2 |     7 |    14 ||    23
       Fruit             |       |     1 |       ||     1
       Beef jerky        |       |       |     1 ||     1
Armor: Robe              |    10 |    12 |    57 ||    79
Dodge: Dodged            |    38 |    23 |   134 ||   195
